 Dungeon Crawl Stone Soup version 0.30-a0-636-g200c5c4a83 (webtiles) character file.

Game seed: 4818536712607878919

343 Fenrisus the Chopper (level 6, -11/53 HPs)
             Began as a Hill Orc Fighter on Jan 15, 2023.
             Mangled by Pikel the fire crab (13 damage)
             ... on level 4 of the Dungeon.
             The game lasted 00:22:50 (3165 turns).

Fenrisus the Chopper (Hill Orc Fighter)             Turns: 3165, Time: 00:22:50

Health: -11/53     AC: 10    Str: 21    XL:     6   Next: 57%
Magic:  6/6        EV:  9    Int:  8    God:
Gold:   149        SH:  4    Dex: 10    Spells: 5/5 levels left

rFire   . . .      SeeInvis .    a - +0 war axe
rCold   . . .      Faith    .    c - +0 buckler
rNeg    . . .      Spirit   .    b - +0 scale mail
rPois   .          Reflect  .    h - +0 helmet
rElec   .          Harm     .    j - +0 cloak
rCorr   .          Rampage  .    (no gloves)
Will    .....                    e - +0 pair of boots Stlth
                                 (no amulet)
HPRegen 0.28/turn                (no ring)
MPRegen 0.10/turn                (no ring)

@: mighty, flying
A: no striking features
a: no special abilities


You were on level 4 of the Dungeon.
You visited 1 branch of the dungeon, and saw 4 of its levels.

You collected 149 gold pieces.

Inventory:

Hand Weapons
 a - a +0 war axe (weapon)
Armour
 b - a +0 scale mail (worn)
 c - a +0 buckler (worn)
 e - a +0 pair of boots (worn)
 f - a +3 leather armour
 h - a +0 helmet (worn)
 j - a +0 cloak (worn)
Potions
 g - a potion of attraction {unknown}
 k - a potion of lignification {unknown}
 l - a potion of mutation {unknown}


   Skills:
 + Level 4.5 Fighting
 * Level 7.4 Axes
 + Level 3.9 Armour
 + Level 0.8 Dodging
 + Level 0.1 Stealth
 + Level 3.7 Shields


You had 5 spell levels left.
You didn't know any spells.
Your spell library contained the following spells:

 Spells                   Type           Power      Damage    Failure   Level
 Necrotise                Necr           0%         1d4       83%         1
 Vampiric Draining        Necr           0%         2d6       99%         3
 Anguish                  Hex/Necr       0%         N/A       100%        4
 Agony                    Necr           0%         N/A       100%        5
 Simulacrum               Ice/Necr       0%         N/A       100%        6
 Haunt                    Necr/Summ      0%         N/A       100%        7


Dungeon Overview and Level Annotations

Branches:
Dungeon (4/15)
 Temple: D:4-7

Altars:

Annotations:
D:4 2 transporters, Bnni's ghost, amateur VSBr; Pikel


Message History

Pikel hits you with a +0 whip of electrocution!
You are electrocuted!
* * * LOW HITPOINT WARNING * * *
Aiming: Polymorph
Press: ? - help, Q - select action Shift-Dir - straight line, f - Pikel
Aim: Pikel, wielding a +0 whip of electrocution and wearing a +0 robe (will become a fire crab, a swamp drake, or a naga, chance to affect: 49%) Pikel evaporates and reforms as a fire crab!
The now-empty wand crumbles to dust.
You block the lemure's attack.
You are too injured to fight recklessly!
You are too injured to fight recklessly!
You are too injured to fight recklessly!
You are too injured to fight recklessly!
You are too injured to fight recklessly!
You are too injured to fight recklessly!
You are too injured to fight recklessly!
The lemure closely misses you.
You feel much better. Pikel bites you but does no damage.
Pikel claws you but does no damage. The lemure completely misses you.
You slice Pikel!!
Pikel is moderately wounded.
You miss the lemure. Pikel bites you but does no damage. Pikel claws you!
You are engulfed in flames!
The lemure barely misses you. Pikel barely misses you. x2
You are too injured to fight recklessly!
You are too injured to fight recklessly!
You are too injured to fight recklessly!
You are too injured to fight recklessly!
You are too injured to fight recklessly!
You are too injured to fight recklessly!
You are too injured to fight recklessly!
You are too injured to fight recklessly!
You are too injured to fight recklessly!
You feel very buoyant.
You fly up into the air.
The lemure hits you!
* * * LOW HITPOINT WARNING * * *
You block Pikel's attack. Pikel claws you.
* * * LOW HITPOINT WARNING * * *
You are engulfed in flames!
You die...

#...)...........#'###)...#..# #.#
#..##.........⌠.............# #.#
#..##.#'###'#...............###.#
...##.#..#..###'#..#'##......##.#
##.##.#..#..#...#..#..#......# .#
#.##.#######...#..#..#..##..#
#.##.K.....#####..####...#..#
#.##........................#
#.....5..###..#@###.##...#......
#######..## ##.5t....#########.##
..........###...)....####### .#
######.###.#.######.....)..#
##)####.## ########)## #
#####...###[#############...##.#
............................<..#
#####...#.###.###########..)####
##....# #.# ##.##


You could see Pikel the fire crab and a lemure.

Vanquished Creatures
  A centaur (D:3)
  An ogre (D:4)
  A lemure (D:3)
  Natasha (D:3)
  Robin (D:4)
  5 adders
  2 worms (D:2)
  7 orcs (D:4)
  7 ball pythons
  3 endoplasms
  3 giant cockroaches (D:4)
  15 goblins
  13 hobgoblins
  2 jackals (D:2)
  A quokka (D:2)
  8 bats
  A frilled lizard (D:2)
  8 kobolds
  6 rats
86 creatures vanquished.

Vanquished Creatures (others)
  4 plants
4 creatures vanquished.

Grand Total: 90 creatures vanquished

Notes
Turn   | Place    | Note
-------+----------+-------------------------------------------
     0 | D:1      | Fenrisus the Hill Orc Fighter began the quest for the Orb.
     0 | D:1      | Reached XP level 1. HP: 19/19 MP: 1/1
   133 | D:1      | Reached skill level 3 in Axes
   133 | D:1      | Reached XP level 2. HP: 27/27 MP: 2/2
   345 | D:2      | Reached XP level 3. HP: 31/33 MP: 3/3
   391 | D:2      | Reached skill level 4 in Axes
   637 | D:2      | Reached XP level 4. HP: 32/40 MP: 4/4
  1229 | D:3      | Reached skill level 5 in Axes
  1230 | D:3      | Got Jatiq's Atlas of the Decaying Curse
  1501 | D:3      | Noticed a centaur
  1592 | D:3      | Killed a centaur
  1593 | D:3      | Reached skill level 6 in Axes
  1593 | D:3      | Reached XP level 5. HP: 24/46 MP: 5/5
  1774 | D:3      | Noticed Natasha
  1784 | D:3      | Killed Natasha
  2130 | D:4      | Noticed an ogre
  2141 | D:4      | Killed an ogre
  2142 | D:4      | Reached skill level 7 in Axes
  2142 | D:4      | Reached XP level 6. HP: 18/53 MP: 6/6
  2286 | D:4      | Found a transporter.
  2306 | D:4      | Noticed Robin
  2356 | D:4      | Killed Robin
  2480 | D:4      | Noticed Bnni's ghost (amateur VSBr)
  2485 | D:4      | Found a transporter.
  2598 | D:4      | Noticed Pikel
  3161 | D:4      | Pikel changed into Pikel the fire crab
  3161 | D:4      | Noticed Pikel
  3165 | D:4      | HP: 2/53 [Pikel the fire crab (6)]
  3165 | D:4      | Mangled by Pikel the fire crab

Illustrated notes

Levels and vault maps discovered:
D:1:      giann_bridges, layout_basic
D:2:      layout_basic
D:3:      layout_loops_ring, uniq_crazy_yiuf_cottage, uniq_natasha
D:4:      corexii_shack_village, layout_loops_ring, gammafunk_ghost_mausoleum,
          uniq_robin, uniq_pikel

Skill      XL: |  1  2  3  4  5 |
---------------+----------------+-----
Axes           | 3 4 6 7 |  7.4
Fighting       | 4 |  4.5
Armour         | |  3.9
Dodging        | |  0.8
Stealth        | |  0.1
Shields        | |  3.7

Action                   |  1- 3 |  4- 6 || total
-------------------------+-------+-------++-------
Melee: War axe           |    79 |   148 ||   227
       Unarmed           |       |    28 ||    28
Evoke: Wand              |       |     1 ||     1
  Use: Scroll            |       |    11 ||    11
       Potion            |       |     8 ||     8
Armor: Scale mail        |    46 |    43 ||    89
       Leather armour    |       |    52 ||    52
Dodge: Dodged            |    33 |   122 ||   155
Block: Buckler           |    11 |    36 ||    47

Table legend: (Time is in decaauts)
 A = Elapsed time spent in this place.
 B = Non-inter-level travel time spent in this place.
 C = Inter-level travel time spent in this place.
 D = Time resting spent in this place.
 E = Time spent auto-exploring this place.
 F = Levels seen in this place.
 G = Mean time per level.
                   A        B        C        D        E       F      G
               +--------+--------+--------+--------+--------+-----+--------+
         Total |   3222 |   1262 |   1960 |    534 |      0 |   4 |  805.5 |
       Dungeon |   3222 |   1262 |   1960 |    534 |      0 |   4 |  805.5 |
               +--------+--------+--------+--------+--------+-----+--------+

Top non-repeatable levels by time:
     D:3: 1093 daAuts
     D:4: 1086 daAuts
     D:2: 700 daAuts
     D:1: 341 daAuts
